 Dungeon Crawl Stone Soup version 0.28-a0-1348-g050f3537b9 (webtiles) character file.

Game seed: 15337263094008805861

43038 MacCMillion the Transmogrifier (level 13, -8/64 HPs)
             Began as a Felid Summoner on Dec 25, 2021.
             Was an Initiate of Gozag.
             Mangled by an anaconda (10 damage)
             ... on level 1 of the Snake Pit on Jan 3, 2022.
             The game lasted 04:55:52 (41296 turns).

MacCMillion the Transmogrifier (Felid Summoner)    Turns: 41296, Time: 04:55:52

Health: -8/64      AC:  3    Str:  4    XL:     13   Next: 88%
Magic:  7/24       EV: 26    Int: 20    God:    Gozag
Gold:   2098       SH:  0    Dex: 24    Spells: 1/30 levels left
                                        Lives:  0   Deaths: 2

rFire   + . .      SeeInvis +     - Unarmed
rCold   + . .      Faith    .   (shield unavailable)
rNeg    . . .      Spirit   .   (armour unavailable)
rPois   +          Reflect  .   (helmet unavailable)
rElec   .          Harm     .   (cloak unavailable)
rCorr   .          Rampage  .   (gloves unavailable)
Will    +....                   (boots unavailable)
Stlth   +++.......              e - amulet of magic regeneration
HPRegen 0.20/turn               L - ring of fire
MPRegen 0.59/turn               w - +6 ring of dexterity

@: constricted, unable to read, quick
A: very small, claws 1, fangs 3, see invisible, speed 1, shaggy fur 3, stealthy
paws, no weapons or thrown items, no armour, multi-lived, antennae 1, cold
resistance 1, low mp 1, poison resistance, subdued magic 1, inability to read
while threatened
a: Renounce Religion, Potion Petition, Call Merchant, Bribe Branch


You were on level 1 of the Snake Pit.
You worshipped Gozag.
Gozag was most pleased with you.
You visited 5 branches of the dungeon, and saw 24 of its levels.
You also visited: Ice Cave.

You collected 7950 gold pieces.
You spent 1812 gold pieces at shops.
You paid 4040 gold pieces to Gozag.

Inventory:

Jewellery
 e - an amulet of magic regeneration (around neck)
 f - a +6 ring of intelligence
 s - an amulet of regeneration
 v - a ring of fire
 w - a +6 ring of dexterity (right paw)
 A - a +4 ring of slaying
 F - a +4 ring of protection
 L - a ring of fire (left paw)
 M - a ring of protection from cold
 N - a ring of positive energy
Wands
 b - a wand of flame (28)
 d - a wand of paralysis (4)
 t - a wand of iceblast (3)
 x - a wand of mindburst (15)
 y - a wand of polymorph (9)
 D - a wand of acid (17)
 O - a wand of charming (6)
Scrolls
 c - 2 scrolls of summoning
 g - 2 scrolls of holy word
 l - 5 scrolls of blinking
 n - 3 scrolls of immolation
 o - 9 scrolls of teleportation
 p - 9 scrolls of fear
 r - a scroll of fog
 E - a scroll of amnesia
 H - a scroll of vulnerability
 J - 2 scrolls of identify
 K - 2 scrolls of torment
 Q - a scroll of magic mapping
Potions
 a - 3 potions of flight
 h - 3 potions of curing
 i - 3 potions of cancellation
 j - 3 potions of haste
 k - 2 potions of invisibility
 m - 4 potions of ambrosia
 q - 2 potions of heal wounds
 z - a potion of resistance
 B - 3 potions of attraction
 C - 3 potions of berserk rage
 G - 4 potions of brilliance
 I - 2 potions of lignification
 P - 4 potions of magic
 R - a potion of might
Miscellaneous
 u - a phantom mirror


   Skills:
 - Level 12.0 Fighting
 - Level 12.0 Dodging
 - Level 5.0 Stealth
 - Level 2.0 Unarmed Combat
 + Level 9.2 Spellcasting
 - Level 3.0 Hexes
 * Level 10.9 Summonings
 - Level 8.0 Translocations
 - Level 14.5 Transmutations
 - Level 12.0 Air Magic
 - Level 5.0 Evocations


You had one spell level left.
You knew the following spells:

 Your Spells              Type           Power      Damage    Failure   Level
a - Summon Small Mammal   Summ           100%       N/A       1%          1
b - Summon Lightning Spi  Summ/Air       42%        N/A       1%          4
c - Call Canine Familiar  Summ           40%        N/A       1%          3
d - Summon Forest         Summ/Tloc      18%        N/A       3%          5
e - Storm Form            Tmut/Air       23%        N/A       24%         7
f - Manifold Assault      Tloc           31%        N/A       6%          5
g - Poisonous Vapours     Pois/Air       50%        N/A       1%          2
m - Blink                 Tloc           62%        N/A       1%          2

Your spell library contained the following spells:

 Spells                   Type           Power      Damage    Failure   Level
 Apportation              Tloc           62%        N/A       1%          1
 Slow                     Hex            64%        N/A       1%          1
 Sting                    Tmut/Pois      100%       1d8       1%          1
 Animate Skeleton         Necr           14%        N/A       6%          1
 Magic Dart               Conj           28%        1d4       6%          1
 Pain                     Necr           28%        1d5       6%          1
 Call Imp                 Summ           40%        N/A       1%          2
 Passwall                 Tmut/Erth      24%        N/A       1%          2
 Summon Guardian Golem    Hex/Summ       28%        N/A       1%          3
 Swiftness                Air            44%        N/A       1%          3
 Passage of Golubria      Tloc           31%        N/A       1%          4
 Blade Hands              Tmut           25%        N/A       1%          5
 Petrify                  Tmut/Erth      29%        N/A       2%          4
 Yara's Violent Unravell  Hex/Tmut       17%        3d8       4%          5
 Confusing Touch          Hex            16%        N/A       5%          3
 Silence                  Hex/Air        15%        N/A       8%          5
 Searing Ray              Conj           14%        2d5       10%         2
 Summon Mana Viper        Hex/Summ       28%        N/A       10%         5
 Summon Cactus Giant      Summ           20%        N/A       11%         6
 Iskenderun's Mystic Bla  Conj/Tloc      19%        2d6       12%         4
 Fulminant Prism          Conj/Hex       5%         3d7       34%         4
 Statue Form              Tmut/Erth      19%        N/A       47%         6
 Olgreb's Toxic Radiance  Pois           7%         N/A       54%         4
 Metabolic Englaciation   Hex/Ice        5%         N/A       71%         5
 Agony                    Necr           7%         N/A       89%         5
 Lee's Rapid Deconstruct  Erth           3%         3d6*      89%         5
 Iron Shot                Conj/Erth      3%         9d2       100%        6
 Lehudib's Crystal Spear  Conj/Erth      3%         10d3      100%        8
 Animate Armour           Summ/Erth      Unusable   N/A       N/A         4
 Excruciating Wounds      Necr           Unusable   N/A       N/A         5

Dungeon Overview and Level Annotations

Branches:
Dungeon (14/15)            Temple (1/1) D:4            Lair (6/6) D:9
 Shoals (0/4) Lair:3        Snake (1/4) Lair:4        Slime (0/5) Lair:5
    Orc (2/2) D:12            Elf (0/3) Orc:2        Vaults (0/5) D:13
  IceCv (visited)

Altars:
Ashenzari
Cheibriados
Dithmenos
Elyvilon
Fedhas
Gozag
Hepliaklqana
Kikubaaqudgha
Makhleb
Nemelex Xobeh
Okawaru
Qazlal
Ru
Sif Muna
Trog
Uskayaw
Vehumet
Wu Jian
Xom
Yredelemnul
Zin
The Shining One
Beogh
Jiyva

Shops:
D:3 =   D:9 [   Orc:2 **!([?=?(   Lair:4 ?!*=

Annotations:
D:3 1 runed translucent door, Dwachs's ghost, amateur FoFi
D:6 exclusions: electric eel and 3 more exclusions
D:7 exclusion: steam dragon
D:8 Maurice
D:10 Josephine
D:11 Erolcha; Fannar
D:14 2 transporters
Lair:2 1 runed translucent door, Wizop's ghost, journeyman BaGl
Lair:5 1 runed translucent door, Vuiwum's ghost, journeyman TeSu
Lair:6 1 runed translucent door, Suxt's ghost, journeyman DjFE
Orc:1 3 runed translucent doors, Lavandula's ghost, adept FoTm


Innate Abilities, Weirdness & Mutations

You have sharp claws.
You have razor-sharp teeth.
You have supernaturally acute eyesight. (SInv)
You cover ground quickly. (Speed+)
Your thick and shaggy fur keeps you warm. (AC +3, rC+)
Your paws help you pounce on unaware monsters.
You are incapable of wielding weapons or throwing items.
You cannot wear armour.
You gain extra lives every three experience levels.
You have a pair of small antennae on your head.
Your flesh is cold resistant. (rC+)
Your magical capacity is low. (-10% MP)
Your system is resistant to poisons. (rPois)
Your spells are a little easier to cast, but a little less powerful.
You sometimes lose the ability to read scrolls when taking damage.


Message History

Confirm with . or Enter, or press ? or * to list all spells.
You don't know that spell.
An anaconda is nearby!
Casting: Summon Lightning Spire (safe; 1% risk of failure)
Confirm with . or Enter, or press ? or * to list all spells.
You don't know that spell.
Really attack your lightning spire?
You scratch your lightning spire but do no damage.
Your lightning spire disappears in a puff of smoke!
The anaconda grabs you. The anaconda bites you!
You feel threatened and lose the ability to read scrolls!
The anaconda constricts you. The anaconda bites you.
The anaconda constricts you.
* * * LOW HITPOINT WARNING * * *
You escape the anaconda's grasp.
Casting: Summon Lightning Spire (safe; 1% risk of failure)
Confirm with . or Enter, or press ? or * to list all spells.
An electric hum fills the air.
The anaconda misses you. The anaconda barely misses you.
The anaconda grabs you. The anaconda closely misses you.
The anaconda constricts you.
* * * LOW HITPOINT WARNING * * *
Unknown command.
You escape the anaconda's grasp.
You swap places.
The anaconda grabs your hound. The anaconda bites your hound!!
Your hound dies!
Your hound's corpse disappears in a puff of smoke!
Casting: Summon Lightning Spire (safe; 1% risk of failure)
Confirm with . or Enter, or press ? or * to list all spells.
The anaconda misses you. The anaconda completely misses you. x2
The anaconda barely misses you.
Casting: Call Canine Familiar (safe; 1% risk of failure)
Confirm with . or Enter, or press ? or * to list all spells.
Your hound disappears in a puff of smoke!
The anaconda grabs you. The anaconda bites you!
* * * LOW HITPOINT WARNING * * *
The anaconda constricts you.
* * * LOW HITPOINT WARNING * * *
The anaconda bites you!
You die...
Your body crumbles into a pile of gold.

### ######?# .......#
######## ######.#
#......# # #.#
#8####.# ######.# #.#
#§# ...8##.# #.# #S#
.[..##.####.# #@#
....$..hS§.># ##'#####
.......########h..>..#
#....................#
#.....#######........#
####### #...)..)##
#...)....# #........#
###......#


You could see an anaconda (ally target) and a friendly wolf (summoned).

Vanquished Creatures
  A centaur warrior (D:10)
  An orc high priest (Orc:1)
  Nergalle (Orc:1)
  2 blink frogs (Lair:6)
  An orc warrior (Orc:2)
  3 electric eels
  5 orc priests
  An orc wizard (D:12)
  A dart slug (D:1)
  6 orcs
  A hobgoblin (D:1)
  A rat (D:3)
24 creatures vanquished.

Vanquished Creatures (collateral kills)
  5 vault guards (D:13)
  5 boulder beetles
  4 hydras
  8 death yaks
  2 two-headed ogres
  Erica (D:9)
  A catoblepas (Lair:6)
  2 tengu warriors
  Sonja (D:10)
  A goliath frog (Lair:6)
  Pikel (D:7)
  2 wizards (D:13)
  7 orc knights
  2 orc sorcerers
  A mana viper (Snake:1)
  3 ugly things
  A cyclops (D:11)
  25 elephants
  3 manticores
  2 naga magi (Snake:1)
  7 black mambas
  25 cane toads
  A torpor snail (Lair:4)
  2 gargoyles
  Maggie (D:6)
  3 unseen horrors
  6 komodo dragons
  8 rime drakes
  An efreet (D:13)
  A yaktaur (D:13)
  2 ice devils (D:11)
  A hornet (D:8)
  3 tyrant leeches (Lair:6)
  A polar bear (shapeshifter) (D:11)
  5 polar bears
  6 trolls
  A wind drake (Lair:3)
  34 blink frogs
  Prince Ribbit (D:6)
  3 slime creatures (D:12)
  3 dream sheep (Lair:4)
  A meliai zombie (D:11)
  6 wraiths
  8 basilisks
  7 wyverns
  58 yaks
  A steam dragon (D:9)
  4 death yak simulacra (IceCv)
  12 vampire mosquitoes
  Menkaure (D:6)
  6 wargs
  An acid dragon (D:10)
  29 water moccasins
  41 orc warriors
  5 black bears
  A sky beast (D:7)
  2 necrophages
  6 ogres
  17 wolves
  A lemure (D:7)
  5 centaurs
  A phantom (D:4)
  3 kobold brigands
  19 bullfrogs
  2 gnoll sergeants
  A scorpion (D:7)
  2 cane toad simulacra (IceCv)
  A water moccasin zombie (D:7)
  A water moccasin skeleton (D:5)
  An elephant simulacrum (IceCv)
  4 wights (D:9)
  A crimson imp (D:7)
  3 hounds
  2 centaur zombies
  A gnoll shaman (D:7)
  12 orc priests
  3 jellies
  15 orc wizards
  6 iguanas
  A killer bee zombie (D:5)
  2 hound skeletons (D:5)
  20 gnolls
  A howler monkey skeleton (D:4)
  6 adders
  A shadow imp (D:7)
  3 ufetubi (D:5)
  5 worms
  A dart slug (D:1)
  77 orcs
  6 ball pythons
  4 bats
  6 endoplasms
  4 giant cockroaches (D:2)
  2 goblins (D:2)
  7 hobgoblins
  4 quokkas
  7 frilled lizards
  A goblin skeleton (D:7)
  2 hobgoblin zombies (D:7)
  13 kobolds
  2 kobold zombies (D:7)
  2 orc skeletons (D:7)
  An orc zombie (D:7)
  3 rats
  A butterfly (Lair:5)
664 creatures vanquished.

Vanquished Creatures (others)
  A boulder beetle (Lair:5)
  2 black mambas
  A yak (Lair:2)
  2 black bears
  An ice beast (D:5)
  2 ogres
  A wolf (Lair:3)
  A bullfrog (Lair:3)
  A scorpion (D:9)
  A wight (D:9)
  A bullfrog skeleton (D:5)
  An orc wizard (D:12)
  A hound zombie (D:5)
  2 orcs (D:5)
  An endoplasm (D:4)
  61 fungi
  176 plants
256 creatures vanquished.

Grand Total: 944 creatures vanquished

Notes
Turn   | Place    | Note
-------+----------+-------------------------------------------
     0 | D:1      | MacCMillion the Felid Summoner began the quest for the Orb.
     0 | D:1      | Reached XP level 1. HP: 7/7 MP: 4/4
   192 | D:1      | Found a faded altar of an unknown god.
   293 | D:1      | Reached XP level 2. HP: 6/11 MP: 4/6
  1325 | D:2      | Reached XP level 3. HP: 14/14 MP: 5/7
  1329 | D:2      | Learned a level 3 spell: Call Canine Familiar
  2045 | D:2      | Reached skill level 5 in Summonings
  2340 | D:3      | Reached XP level 4. HP: 18/18 MP: 8/8
  2405 | D:3      | Reached skill level 1 in Hexes
  2418 | D:3      | Found Aseq's Jewellery Boutique.
  2740 | D:3      | Found a runed translucent door.
  2744 | D:3      | Noticed Dwachs's ghost (amateur FoFi)
  2776 | D:3      | Learned a level 3 spell: Summon Guardian Golem
  3216 | D:4      | Noticed an ogre
  3230 | D:4      | Killed an ogre
  3231 | D:4      | Reached XP level 5. HP: 21/21 MP: 10/10
  3435 | D:4      | Gained mutation: You are covered in thick fur. (AC +2)
                  | [Felid growth]
  3435 | D:4      | Reached XP level 6. HP: 24/24 MP: 12/12
  3829 | D:4      | Found a staircase to the Ecumenical Temple.
  3842 | Temple   | Entered the Ecumenical Temple
  4006 | Temple   | Became a worshipper of Gozag Ym Sagoz the Greedy
  4257 | D:4      | Learned a level 4 spell: Summon Lightning Spire
  4568 | D:5      | Entered Level 5 of the Dungeon
  4616 | D:5      | Reached skill level 1 in Air Magic
  4616 | D:5      | Reached XP level 7. HP: 27/27 MP: 14/14
  5347 | D:5      | Reached skill level 5 in Spellcasting
  5449 | D:5      | Noticed a troll
  5473 | D:5      | Killed a troll
  5474 | D:5      | Reached XP level 8. HP: 31/31 MP: 14/16
  5771 | D:5      | HP: 1/31 [centaur/arrow (10)]
  5786 | D:5      | Reached skill level 5 in Air Magic
  6488 | D:6      | Noticed Maggie
  6715 | D:6      | Noticed Menkaure
  6730 | D:6      | Killed Maggie
  6731 | D:6      | Reached XP level 9. HP: 17/34 MP: 5/19
  6731 | D:6      | Killed Menkaure
  6936 | D:6      | Noticed Prince Ribbit
  6944 | D:6      | Killed Prince Ribbit
  7309 | D:7      | Reached skill level 5 in Stealth
  7371 | D:7      | Found a glowing golden altar of the Shining One.
  7646 | D:7      | Noticed Pikel
  7702 | D:7      | Killed Pikel
  8324 | D:8      | Reached skill level 1 in Fighting
  8324 | D:8      | Reached XP level 10. HP: 39/39 MP: 16/20
  9024 | D:8      | Learned a level 7 spell: Storm Form
  9027 | D:8      | Learned a level 2 spell: Blink
  9316 | D:8      | Noticed Maurice
 10106 | D:9      | Noticed Erica
 10513 | D:9      | Reached skill level 5 in Dodging
 10589 | D:9      | Found a sparkling altar of Nemelex Xobeh.
 10605 | D:9      | Reached skill level 1 in Translocations
 10613 | D:9      | Reached skill level 1 in Transmutations
 10721 | D:9      | Reached skill level 2 in Transmutations
 11663 | D:9      | Found a staircase to the Lair.
 11724 | D:9      | Killed Erica
 11725 | D:9      | Reached skill level 1 in Evocations
 11725 | D:9      | Reached XP level 11. HP: 46/46 MP: 17/21
 11803 | D:9      | Found Jolaotoi's Antique Armour Boutique.
 11969 | D:10     | Entered Level 10 of the Dungeon
 12414 | D:10     | Noticed Sonja
 12446 | D:10     | Killed Sonja
 12447 | D:10     | Reached skill level 3 in Transmutations
 12703 | D:10     | Noticed a centaur warrior
 12976 | Lair:1   | Entered Level 1 of the Lair of Beasts
 13299 | Lair:1   | Reached skill level 5 in Fighting
 13339 | Lair:1   | Reached skill level 5 in Translocations
 13383 | Lair:1   | Reached skill level 4 in Transmutations
 15052 | Lair:2   | Noticed a six-headed hydra
 15065 | Lair:2   | Killed a six-headed hydra
 15066 | Lair:2   | Reached skill level 5 in Transmutations
 15228 | Lair:2   | Found a runed translucent door.
 15229 | Lair:2   | Found a shimmering altar of Xom.
 15229 | Lair:2   | Noticed Wizop's ghost (journeyman BaGl)
 15229 | Lair:2   | Noticed a +3 quarterstaff of chaos
 15690 | Lair:2   | Gained mutation: Your thick and shaggy fur keeps you warm.
                  | (AC +3, rC+) [Felid growth]
 15690 | Lair:2   | Reached XP level 12. HP: 53/53 MP: 20/23
 15982 | Lair:3   | Found a staircase to the Shoals.
 16410 | Lair:3   | Reached skill level 6 in Transmutations
 17034 | Lair:3   | Reached skill level 10 in Dodging
 17592 | Lair:3   | Reached skill level 7 in Transmutations
 17750 | Lair:3   | Learned a level 5 spell: Manifold Assault
 17760 | Lair:3   | Reached skill level 5 in Evocations
 18594 | Lair:4   | Found a staircase to the Snake Pit.
 18885 | Lair:4   | Reached skill level 8 in Transmutations
 19086 | Lair:4   | Identified the +5 ring mail "Homusaul" {rPois rCorr Str-2}
 20013 | Lair:4   | Reached XP level 13. HP: 58/58 MP: 24/24
 20134 | Lair:4   | Identified the +7 morningstar "Arbiter" {freeze, *Slow
                  | Dex+3 SInv}
 20398 | Lair:4   | Reached skill level 9 in Transmutations
 21381 | Lair:4   | Bought a scroll of identify for 34 gold pieces
 21381 | Lair:4   | Bought a scroll of identify for 34 gold pieces
 21381 | Lair:4   | Bought a scroll of identify for 34 gold pieces
 21381 | Lair:4   | Bought a scroll of torment for 127 gold pieces
 21381 | Lair:4   | Bought a scroll of identify for 34 gold pieces
 21387 | Lair:4   | Bought 2 potions of brilliance for 120 gold pieces
 21387 | Lair:4   | Bought a potion of degeneration for 15 gold pieces
 21387 | Lair:4   | Bought a potion of lignification for 45 gold pieces
 21447 | Lair:5   | Found a staircase to the Slime Pits.
 21447 | Lair:5   | Found a viscous altar of Jiyva.
 21795 | Lair:5   | Reached skill level 10 in Air Magic
 21884 | Lair:5   | Reached skill level 10 in Transmutations
 22275 | Lair:5   | Noticed Vuiwum's ghost (journeyman TeSu)
 22366 | Lair:5   | Gained mutation: You tend to lose your temper in combat.
                  | [mutagenic glow]
 22380 | Lair:5   | Gained mutation: Potions are less effective at restoring
                  | your health. [mutagenic glow]
 22706 | Lair:5   | Found a runed translucent door.
 23415 | Lair:6   | Entered Level 6 of the Lair of Beasts
 23464 | Lair:6   | Reached skill level 11 in Transmutations
 23706 | Lair:6   | Reached XP level 14. HP: 64/64 MP: 24/26
 24558 | Lair:6   | Reached skill level 12 in Transmutations
 24593 | Lair:6   | Reached skill level 10 in Fighting
 25746 | Lair:6   | Reached skill level 13 in Transmutations
 26093 | Lair:6   | Found a runed translucent door.
 26094 | Lair:6   | Noticed Suxt's ghost (journeyman DjFE)
 26934 | Lair:4   | Bought a scroll of identify for 30 gold pieces
 26934 | Lair:4   | Bought a scroll of identify for 30 gold pieces
 26934 | Lair:4   | Bought a potion of attraction for 45 gold pieces
 27492 | D:10     | Noticed Josephine
 28661 | D:11     | Noticed Fannar
 28713 | D:11     | Learned a level 2 spell: Passwall
 28736 | D:11     | Found a frozen archway.
 28824 | IceCv    | Entered an ice cave
 28906 | IceCv    | Reached skill level 1 in Unarmed Combat
 28974 | IceCv    | Gained mutation: You sometimes lose the ability to read
                  | scrolls when taking damage. [mutagenic glow]
 29319 | D:11     | Noticed Erolcha
 30542 | Lair:4   | Bought 2 potions of haste for 300 gold pieces
 30720 | D:10     | Shot with an arrow by a centaur warrior
 30721 | D:10     | Reached XP level 13. HP: -7/63 MP: 16/26
 30736 | D:10     | Learned a level 2 spell: Poisonous Vapours
 30752 | D:10     | HP: 2/63 [centaur warrior (4)]
 30863 | D:10     | Found an iron altar of Okawaru.
 30867 | D:10     | Lost mutation: You tend to lose your temper in combat.
                  | [potion of mutation]
 30867 | D:10     | Lost mutation: You sometimes lose the ability to read
                  | scrolls when taking damage. [potion of mutation]
 30867 | D:10     | Gained mutation: You sometimes lose the ability to read
                  | scrolls when taking damage. [potion of mutation]
 30867 | D:10     | Gained mutation: Your spells are a little easier to cast,
                  | but a little less powerful. [potion of mutation]
 30867 | D:10     | Gained mutation: You tend to lose your temper in combat.
                  | [potion of mutation]
 30867 | D:10     | Gained mutation: Your system is resistant to poisons.
                  | (rPois) [potion of mutation]
 30868 | D:10     | Lost mutation: You tend to lose your temper in combat.
                  | [potion of mutation]
 30868 | D:10     | Lost mutation: Potions are less effective at restoring your
                  | health. [potion of mutation]
 30868 | D:10     | Gained mutation: You have a pair of small antennae on your
                  | head. [potion of mutation]
 30868 | D:10     | Gained mutation: Your magical capacity is low. (-10% MP)
                  | [potion of mutation]
 30868 | D:10     | Gained mutation: Your flesh is cold resistant. (rC+)
                  | [potion of mutation]
 30873 | D:10     | Found a snail-covered altar of Cheibriados.
 31214 | D:12     | Reached skill level 14 in Transmutations
 31359 | D:12     | Reached XP level 14. HP: 63/67 MP: 14/24
 32657 | D:12     | Found a staircase to the Orcish Mines.
 32781 | Orc:1    | Entered Level 1 of the Orcish Mines
 32976 | Orc:1    | Found a runed translucent gate.
 32977 | Orc:1    | Found a runed translucent gate.
 32979 | Orc:1    | Found a runed translucent gate.
 32981 | Orc:1    | Noticed Lavandula's ghost (adept FoTm)
 33008 | Orc:1    | You fall into a shaft and drop 1 floor!
 33008 | Orc:2    | Entered Level 2 of the Orcish Mines
 33008 | Orc:2    | Found a staircase to the Elven Halls.
 33143 | Orc:2    | Found Zitenos's Jewellery Emporium.
 33877 | Orc:2    | Upgraded the game from 0.28-a0-1235-g7c8fac35f0 to
                  | 0.28-a0-1334-g1c9ffb4daf
 34039 | Orc:2    | Found Imergha's Distillery.
 34047 | Orc:2    | Bought a potion of invisibility for 80 gold pieces
 34047 | Orc:2    | Bought a potion of magic for 80 gold pieces
 34047 | Orc:2    | Bought a potion of heal wounds for 50 gold pieces
 34047 | Orc:2    | Found Febahih's Magic Scroll Boutique.
 34067 | Orc:2    | Found Cecsotur's Magic Scroll Shoppe.
 34181 | Orc:2    | Bought a scroll of magic mapping for 52 gold pieces
 34183 | Orc:2    | Found Efocogri's Weapon Shop.
 35527 | Orc:2    | Found Hearroz's General Store.
 35527 | Orc:2    | Found Linot's Assorted Antiques.
 35709 | Orc:2    | Bought a smoky white potion for 28 gold pieces
 35896 | Orc:2    | Found a radiant altar of Vehumet.
 36418 | Orc:2    | Found Qewix's Antique Armour Emporium.
 36418 | Orc:2    | Found Rouxa's Weapon Boutique.
 36513 | Orc:1    | Noticed Nergalle
 36531 | Orc:1    | Killed Nergalle
 37884 | D:12     | Learned a level 6 spell: Summon Cactus Giant
 38385 | D:13     | Reached skill level 10 in Summonings
 38674 | D:13     | Upgraded the game from 0.28-a0-1334-g1c9ffb4daf to
                  | 0.28-a0-1348-g050f3537b9
 39370 | D:13     | Found a gate to the Vaults.
 39971 | D:14     | Found a transporter.
 40248 | D:14     | Found a transporter.
 40252 | D:14     | Noticed a cyan very ugly thing
 40487 | Orc:2    | Bought a potion of ambrosia for 256 gold pieces
 40505 | Orc:2    | Bought 2 potions of brilliance for 256 gold pieces
 40547 | Orc:2    | Bought a potion of brilliance for 40 gold pieces
 40547 | Orc:2    | Bought a potion of invisibility for 80 gold pieces
 40569 | Orc:2    | Bought a scroll of amnesia for 42 gold pieces
 40797 | Snake:1  | Entered Level 1 of the Snake Pit
 40849 | Snake:1  | Slain by an anaconda
 40850 | Snake:1  | Reached XP level 13. HP: -2/64 MP: 24/24
 40854 | Snake:1  | Identified the +2 robe of the Cooper {rPois Str-4 Int+6}
 40870 | Snake:1  | Learned a level 5 spell: Summon Forest
 41296 | Snake:1  | HP: 2/64 [constriction (3)]
 41296 | Snake:1  | Mangled by an anaconda

Illustrated notes

Levels and vault maps discovered:
D:1:      evilmike_arrival_crescent, layout_rooms,
          dreamdust_ecumenical_altar_hidden_monk_grotto
D:2:      minmay_wonky_spiral, layout_loops_ring, ebering_dispersal_statue_hall
D:3:      layout_basic, serial_shops, nicolae_shop_crystal,
          ebering_ghost_sewer_d, chequers_serial_rivers_large_b,
          hangedman_decor_growths
D:4:      layout_basic, minmay_temple_entry_sparse_star,
          chequers_serial_rivers_micro_c
D:5:      cheibrodos_fzero, layout_loops_cross, chequers_garden, minmay_circle_x
D:6:      layout_rooms, serial_bayou, serial_bayou_pond_a,
          serial_bayou_lagoon_a, serial_bayou_ford_a, serial_bayou_pond_c,
          uniq_prince_ribbit1, uniq_menkaure, uniq_maggie
D:7:      layout_basic, nicolae_tso_besieged_by_evil, uniq_pikel,
          uniq_crazy_yiuf_cottage
D:8:      layout_cave_pods, uniq_maurice
D:9:      layout_roguey, overflow_temple_1_default, minmay_lair_entry_grove,
          serial_shops, kennysheep_mini, minmay_between, uniq_erica
D:10:     layout_basic, minitemple, uniq_josephine, uniq_sonja
D:11:     layout_long_grid, portal_ice_cave_demonic_guard, uniq_erolcha,
          uniq_fannar
D:12:     layout_cave_pools, erik_orc_2
D:13:     layout_basic, grunt_vaults_entry_fortified, lemuel_another_geyser
D:14:     gammafunk_cloud_chamber, layout_stronghold, serial_bayou_shore_a,
          chequers_serial_rivers_room_a
Temple:   hc_temple_tempest_star
Lair:1:   layout_long_grid, grunt_megastairs_4
Lair:2:   layout_gridlike, ebering_ghost_xom
Lair:3:   layout_layer_cave, minmay_shoals_entry_beasts, minivault_23,
          grunt_megastairs_2
Lair:4:   layout_cave_shapes, minmay_snake_entry_six_corridors,
          lemuel_fruit_tree
Lair:5:   layout_regular_city, slime_altar_1, gauntlet_entry_generic,
          hellmonk_ghost_happy_afterlife, lemuel_fruit_fields
Lair:6:   minmay_lair_end_frog_pond, layout_cave_pods, gammafunk_ghost_grave
Snake:1:  layout_basic, nicolae_snake_gridmaze_waves, drop_trap
Orc:1:    layout_diamond_mine, lightli_volcano_entry_magma_tube,
          ebering_ghost_rock_garden, uniq_nergalle
Orc:2:    st_orc_town, layout_diamond_mine, serial_shops, shop, shop, shop,
          shop, nicolae_shop_bloodbath_and_beyond, basic_altar, mines1_david

Skill      XL: |  1  2  3  4  5  6  7  8  9 10 11 12 13 14 |
---------------+-------------------------------------------+-----
Stealth        | 3 5 |  5.0
Dodging        | 3 6 9 11 12 | 12.0
Summonings     | 5 6 7 9 10 | 10.9
Hexes          | 3 |  3.0
Spellcasting   | 3 4 5 6 7 9 |  9.2
Air Magic      | 1 3 6 8 9 10 12 | 12.0
Fighting       | 1 4 6 8 11 12 | 12.0
Translocations | 3 7 8 |  8.0
Transmutations | 2 5 8 14 13 | 14.5
Evocations     | 1 3 5 |  5.0
Unarmed Combat | 2 |  2.0

Action                   |  1- 3 |  4- 6 |  7- 9 | 10-12 | 13-15 || total
-------------------------+-------+-------+-------+-------+-------++-------
Melee: Unarmed           |     9 |     3 |     8 |    12 |    55 ||    87
       Bite              |       |       |     1 |     2 |     7 ||    10
       Punch             |       |       |       |       |     1 ||     1
 Cast: Summon Small Mamm |    44 |     7 |    17 |    61 |   121 ||   250
       Call Canine Famil |    16 |    23 |    36 |    98 |   317 ||   490
       Summon Guardian G |       |     2 |     7 |    19 |     2 ||    30
       Summon Lightning  |       |       |    13 |   127 |   478 ||   618
       Blink             |       |       |       |     3 |     2 ||     5
       Manifold Assault  |       |       |       |     1 |    12 ||    13
       Poisonous Vapours |       |       |       |       |    17 ||    17
       Summon Forest     |       |       |       |       |     2 ||     2
       Storm Form        |       |       |       |       |     2 ||     2
       Summon Cactus Gia |       |       |       |       |     2 ||     2
       Passwall          |       |       |       |       |     1 ||     1
Invok: Call Merchant     |       |       |       |       |     4 ||     4
       Potion Petition   |       |       |       |       |     1 ||     1
Evoke: Wand              |       |       |       |       |     7 ||     7
  Use: Scroll            |       |       |     5 |     9 |    15 ||    29
       Potion            |       |       |     1 |     3 |     9 ||    13
 Stab: Betrayed ally     |       |       |       |       |     2 ||     2
       Invisible         |       |       |       |       |     1 ||     1
Armor: Skin              |     2 |       |     3 |     6 |     7 ||    18
Dodge: Dodged            |    25 |     6 |    58 |    80 |   401 ||   570

Table legend: (Time is in decaauts)
 A = Elapsed time spent in this place.
 B = Non-inter-level travel time spent in this place.
 C = Inter-level travel time spent in this place.
 D = Time resting spent in this place.
 E = Time spent auto-exploring this place.
 F = Levels seen in this place.
 G = Mean time per level.
                   A        B        C        D        E       F      G
               +--------+--------+--------+--------+--------+-----+--------+
         Total |  37091 |  34738 |   2353 |  11325 |  13173 |  25 | 1483.6 |
       Dungeon |  19079 |  18031 |   1048 |   5486 |   7347 |  14 | 1362.8 |
        Temple |    289 |    236 |     53 |      0 |    216 |   1 |  289.0 |
          Lair |  13095 |  12146 |    949 |   4672 |   4286 |   6 | 2182.5 |
     Snake Pit |    440 |    440 |      0 |    289 |      4 |   1 |  440.0 |
  Orcish Mines |   3744 |   3443 |    301 |    695 |   1266 |   2 | 1872.0 |
      Ice Cave |    442 |    442 |      0 |    180 |     51 |   1 |  442.0 |
               +--------+--------+--------+--------+--------+-----+--------+

Top non-repeatable levels by time:
  Lair:3: 2757 daAuts
  Lair:6: 2623 daAuts
    D:13: 2493 daAuts
     D:9: 2480 daAuts
  Lair:4: 2443 daAuts
  Lair:5: 2438 daAuts
    D:12: 2045 daAuts
   Orc:2: 1979 daAuts
  Lair:1: 1810 daAuts
     D:8: 1773 daAuts
   Orc:1: 1764 daAuts
    D:10: 1697 daAuts
     D:5: 1614 daAuts
    D:11: 1262 daAuts
     D:4: 1089 daAuts
